 Dungeon Crawl Stone Soup version 0.21.1-1-g345015f (webtiles) character file.

197 wotfoxis the Firebug (level 5, -1/40 HPs)
             Began as a Hill Orc Fire Elementalist on Feb 14, 2018.
             Killed from afar by an orc wizard (5 damage)
             ... with a magic dart
             ... on level 3 of the Dungeon.
             The game lasted 00:25:38 (3167 turns).

wotfoxis the Firebug (Hill Orc Fire Elementalist)   Turns: 3167, Time: 00:25:38

Health: -1/40      AC:  3    Str: 11    XL:     5   Next: 75%
Magic:  2/8        EV: 11    Int: 16    God:
Gold:   178        SH:  0    Dex: 11    Spells: 3/9 levels left

rFire    + . .     SeeInvis .   k - +0 hand axe
rCold    + . .     Gourm    .   (no shield)
rNeg     . . .     Faith    .   e - +0 leather armour
rPois    +         Spirit   .   (no helmet)
rElec    +         Reflect  .   (no cloak)
rCorr    +         Harm     .   (no gloves)
MR       .....                  (no boots)
Stlth    +.........             (no amulet)
HPRegen  0.13/turn              (no ring)
MPRegen  0.11/turn              (no ring)

@: resistant
A: no striking features
a: no special abilities


You were on level 3 of the Dungeon.
You were hungry.

You visited 1 branch of the dungeon, and saw 3 of its levels.

You collected 178 gold pieces.

Inventory:

Hand Weapons
 k - a +0 hand axe (weapon)
Missiles
 f - 4 tomahawks (quivered)
Armour
 a - a +0 robe
 e - a +0 leather armour (worn)
Wands
 u - a wand of flame (17)
Scrolls
 d - a scroll of fear {unknown}
 g - a scroll of magic mapping {unknown}
 h - a scroll of identify
 i - a scroll of random uselessness {unknown}
 m - a scroll of teleportation {unknown}
 n - a scroll of immolation {unknown}
 o - 3 scrolls of remove curse {unknown}
 p - a scroll of enchant armour {unknown}
 r - a scroll of enchant weapon {unknown}
 s - a scroll of amnesia {unknown}
Potions
 q - a potion of ambrosia {unknown}
Books
 b - a book of Flames

   Spells                             Type                      Level
   a - Flame Tongue                   Conjuration/Fire             1
   b - Throw Flame                    Conjuration/Fire             2
   c - Conjure Flame                  Conjuration/Fire             3
   d - Inner Flame                    Hexes/Fire                   3
   e - Sticky Flame                   Conjuration/Fire             4
   f - Fireball                       Conjuration/Fire             5
Comestibles
 c - 6 rations
 j - a chunk of flesh


   Skills:
 + Level 1.2 Fighting
 + Level 2.3 Axes
 + Level 1.5 Armour
 + Level 1.8 Dodging
 - Level 1.6 Stealth
 + Level 2.5 Spellcasting
 + Level 1.6 Conjurations
 + Level 4.7 Fire Magic


You had 3 spell levels left.
You knew the following spells:

 Your Spells              Type           Power        Failure   Level  Hunger
a - Flame Tongue          Conj/Fire      ##...        7%          1    #......
b - Throw Flame           Conj/Fire      ##....       11%         2    ##.....
c - Conjure Flame         Conj/Fire      ##......     22%         3    ###....


Dungeon Overview and Level Annotations

Branches:
Dungeon (3/15)

Altars:


Message History

Something completely misses you. Something hits you but does no damage.
Your magical contamination has completely faded away.
You closely miss something.
You feel less confused. Something hits you.
* * * LOW HITPOINT WARNING * * *
You hear some strange, mumbled words.
Something tries to affect you, but you resist.
An orc wizard appears from thin air!
Reactivating autopickup.
The orc wizard casts a spell at you. The puff of flame hits you! You resist.
* * * LOW HITPOINT WARNING * * *
The orc wizard casts a spell at you. The puff of flame hits you! You resist.
* * * LOW HITPOINT WARNING * * *
The orc wizard casts a spell at you. The magic dart hits you!
You die...

#.# #)#######
#.[.....#
#######†######
#.....#....#
#.#####.##.#
#o#####.##)#
#....##.##.#
####@##.##.#
#....##.####
#######....#
####.# #<..#
#####


You could see an orc wizard.

Vanquished Creatures
  A hound (D:2)
  An orc wizard (D:3)
  3 gnolls (D:2)
  3 adders
  An ooze (D:1)
  4 worms (D:2)
  2 dart slugs
  2 leopard geckos (D:1)
  4 orcs (D:3)
  10 bats
  4 giant cockroaches
  9 goblins
  5 hobgoblins
  A quokka (D:2)
  5 frilled lizards
  6 kobolds
  9 rats
70 creatures vanquished.

Notes
Turn   | Place    | Note
-------+----------+-------------------------------------------
     0 | D:1      | wotfoxis the Hill Orc Fire Elementalist began the quest for the Orb.
     0 | D:1      | Reached XP level 1. HP: 14/14 MP: 3/3
   112 | D:1      | Reached XP level 2. HP: 16/20 MP: 1/4
   162 | D:1      | Reached skill level 4 in Fire Magic
   459 | D:1      | Reached XP level 3. HP: 18/26 MP: 1/5
   567 | D:1      | Learned a level 2 spell: Throw Flame
  1783 | D:2      | Reached XP level 4. HP: 20/34 MP: 2/7
  1926 | D:2      | Reached skill level 1 in Axes
  2125 | D:3      | Reached skill level 1 in Fighting
  2169 | D:2      | Reached skill level 1 in Armour
  2265 | D:2      | Reached XP level 5. HP: 34/40 MP: 0/8
  2337 | D:2      | Learned a level 3 spell: Conjure Flame
  3167 | D:3      | Killed from afar by an orc wizard

Skill      XL: |  1  2  3  4  5 |
---------------+----------------+-----
Fire Magic     | 4 |  4.7
Spellcasting   | 2 |  2.5
Axes           | 1 2 |  2.3
Fighting       | 1 |  1.2
Armour         | 1 |  1.5
Dodging        | |  1.8
Stealth        | |  1.6
Conjurations   | |  1.6

Action                   |  1- 3 |  4- 6 || total
-------------------------+-------+-------++-------
Melee: Club              |    25 |       ||    25
       Hand axe          |    31 |    54 ||    85
 Cast: Flame Tongue      |    66 |    42 ||   108
       Throw Flame       |     1 |     5 ||     6
       Conjure Flame     |       |     2 ||     2
  Use: Scroll            |       |     2 ||     2
       Potion            |       |     1 ||     1
 Stab: Sleeping          |     1 |       ||     1
  Eat: Chunk             |     4 |     5 ||     9
Armor: Robe              |     5 |       ||     5
       Leather armour    |    19 |    22 ||    41
Dodge: Dodged            |    57 |    32 ||    89
